 Dungeon Crawl Stone Soup version 0.20-a0-454-g2b43fbb (webtiles) character file.

23 M4edhros the Grave Robber (level 2, 0/17 HPs)
             Began as an Octopode Necromancer on Jan 9, 2017.
             Killed from afar by an orc wizard (6 damage)
             ... with a puff of flame
             ... on level 4 of the Dungeon.
             The game lasted 00:01:54 (366 turns).

M4edhros the Grave Robber (Octopode Necromancer)     Turns: 366, Time: 00:01:55

Health: 0/17       AC:  1    Str:  7    XL:     2   Next: 95%
Magic:  3/5        EV: 13    Int: 17    God:
Gold:   38         SH:  0    Dex: 12    Spells: 3/5 levels left

rFire  . . .     SeeInvis .       - Unarmed
rCold  . . .     Gourm    .     (no shield)
rNeg   . . .     Faith    .     (helmet restricted)
rPois  .         Spirit   .     (no amulet)
rElec  .         Reflect  .     (no ring)
rCorr  .         Harm     .     (no ring)
MR     .....                    (no ring)
Stlth  +++.......               (no ring)
                                (no ring)
                                (no ring)
                                (no ring)
                                (no ring)

@: no status effects
A: almost no armour, stealthy swim, amphibious, 8 rings, constrict 8, camouflage
1, gelatinous body 1
a: no special abilities


You were on level 4 of the Dungeon.
You were not hungry.

You visited 1 branch of the dungeon, and saw 4 of its levels.

You collected 38 gold pieces.

Inventory:

Scrolls
 d - a scroll of teleportation {unknown}
 e - 3 scrolls of identify {unknown}
 g - a scroll of magic mapping {unknown}
 h - 2 scrolls of remove curse {unknown}
Books
 a - a book of Necromancy

   Spells                             Type                      Level
   a - Pain                           Necromancy                   1
   b - Animate Skeleton               Necromancy                   1
   c - Vampiric Draining              Necromancy                   3
   d - Regeneration                   Charms/Necromancy            3
   e - Animate Dead                   Necromancy                   4
   f - Control Undead                 Necromancy                   4
Comestibles
 b - a bread ration
 c - 4 fruits


   Skills:
 - Level 2.0 Dodging
 - Level 2.6 Stealth
 + Level 2.4 Unarmed Combat
 - Level 2.0 Spellcasting
 - Level 4.0 Necromancy


You had 3 spell levels left.
You knew the following spells:

 Your Spells              Type           Power        Failure   Level  Hunger
a - Pain                  Necr           ###.         3%          1    #......
b - Animate Skeleton      Necr           N/A          3%          1    #......


Dungeon Overview and Level Annotations

Branches:
Dungeon (4/15)
 Temple: D:4-7

Altars:


Innate Abilities, Weirdness & Mutations

You cannot wear most types of armour.
You are very stealthy in the water. (Stealth+)
You are amphibious.
You can wear up to eight rings at the same time.
You can use your tentacles to constrict eight enemies at once.
Your skin changes colour to match your surroundings (Stealth+).
Your rubbery body absorbs attacks. (AC +1, EV +1)


Message History

You constrict the orc wizard.
The orc wizard escapes!
The orc wizard closely misses you.
You completely miss the orc wizard. You grab the orc wizard.
The orc wizard is moderately wounded.
You constrict the orc wizard, but do no damage.
The orc wizard barely misses you. The orc misses you.
You tentacle-slap the orc wizard but do no damage.
You squeeze the orc wizard, but do no damage.
The orc wizard is moderately wounded.
You constrict the orc wizard. The orc wizard closely misses you.
The orc closely misses you. The orc wizard casts a spell at you.
The magic dart hits you!
Ouch! That really hurt!
You tentacle-slap the orc wizard.
The orc wizard is heavily wounded.
You constrict the orc wizard, but do no damage.
The orc wizard gestures at you while chanting.
The puff of flame hits you!
You die...

# #### #. ....
#.# ###o.#.## #
#..##ooo.....
#.%#....@# #.# .
.........#
#.####..
##.......#
#.#... ###..#..#
#...
#..#..#####.# #.
#........####
#..............#
###.#########.##
#. ########.#


You could see an orc wizard and 3 orcs.

Vanquished Creatures
  A dart slug (D:2)
  An orc (D:4)
  A giant cockroach (D:1)
  6 hobgoblins
  2 jackals (D:1)
  A kobold (D:1)
  A ball python skeleton (D:4)
  A frilled lizard (D:1)
  A goblin (D:3)
  3 rats
18 creatures vanquished.

Notes
Turn   | Place    | Note
-------+----------+-------------------------------------------
     0 | D:1      | M4edhros the Octopode Necromancer began the quest for the Orb.
     0 | D:1      | Reached XP level 1. HP: 11/11 MP: 3/3
    81 | D:1      | Reached skill level 1 in Unarmed Combat
   116 | D:1      | Reached XP level 2. HP: 2/17 MP: 0/5
   281 | D:3      | Learned a level 1 spell: Animate Skeleton
   366 | D:4      | Killed from afar by an orc wizard

Vault maps used:
D:1:      dpeg_arrival_pits
D:2:      cheibriados_altar_1, grunt_decor_resistance
D:3:      lemuel_zombie_altar_kikubaaqudgha, nicolae_overflow_crystal_walls,
          kennysheep_generic_room_15
D:4:      lemuel_round_altar, first_bread, kennysheep_nondescript,
          roderic_batcave, tgw_sif

Skill      XL: |  1  2 |
---------------+-------+-----
Unarmed Combat | 1 2 |  2.4
Dodging        | |  2.0
Stealth        | |  2.6
Spellcasting   | |  2.0
Necromancy     | |  4.0

Action                   || total
-------------------------++-------
Melee: Unarmed           ||    15
       Constrict         ||     5
       Tentacles         ||     1
 Cast: Pain              ||    29
  Use: Potion            ||     2
Dodge: Dodged            ||    16
